AoeStats
← Super.Adz

MegaRandom

504337968Analyzed
4v4 RM · 27d ago on Sep 4, 2026· 49m 46s· 8 players
Game mode
Random Map
Map size
Large (8 player)
Population
200
Speed
Normal
Resources
Standard
Victory
Conquest
Starting age
Dark Age
Ending age
Imperial Age
RankedLock teamsTeams togetherTeam positionsShared explorationLock speedFull tech treeHidden civsTurbo modeCheats
Victory
Defeat
🇺🇸 Cumans · United States
797
+14
🇨🇱 Persians · Chile
765
+15
🇦🇷 Mongols · Argentina
762
+15
🇹🇼 Poles · Taiwan
733
+16
🇵🇰 Turks · Pakistan
795
-17
🇬🇧 Khmer · United Kingdom
732
-15
🇬🇧 Bulgarians · United Kingdom
729
-14
🇬🇧 Franks · United Kingdom
709
-14
tasiopicollo
4:04 Loom
9:59 Feudal Age
10:34 Double-Bit Axe
17:00 Horse Collar
24:38 Castle Age
24:28 Gold Mining
25:32 Wheelbarrow
24:50 Stone Mining
25:52 Thumb Ring
27:42 Fletching
28:31 Husbandry
33:46 Bodkin Arrow
42:27 Pikeman
43:20 Nomads
45:32 Hand Cart
45:30 Bow Saw
45:57 Stone Shaft Mining
45:59 Gold Shaft Mining
49:30 Elite Skirmisher
Hydarnis
0:31 Loom
11:31 Feudal Age
20:25 Castle Age
19:30 Double-Bit Axe
20:07 Horse Collar
24:25 Bloodlines
25:40 Thumb Ring
26:10 Bow Saw
26:50 Forging
27:40 Padded Archer Armor
28:52 Heavy Plow
28:46 Fletching
33:24 Imperial Age
33:01 Wheelbarrow
33:37 Cavalier
37:27 Paladin
42:25 Iron Casting
41:56 Scale Barding Armor
44:49 Hand Cart
44:20 Town Watch
Dremora
9:45 Loom
12:07 Feudal Age
12:33 Double-Bit Axe
12:29 Horse Collar
16:06 Stone Mining
21:57 Castle Age
20:23 Gold Mining
23:15 Gold Shaft Mining
23:19 Stone Shaft Mining
22:45 Heavy Plow
22:58 Bow Saw
24:28 Crossbowman
27:26 Wheelbarrow
26:37 Town Watch
26:45 Fletching
29:15 Fervor
31:55 Hand Cart
31:43 Town Patrol
35:00 Imperial Age
35:08 Forging
34:58 Scale Mail Armor
34:55 Bodkin Arrow
35:00 Padded Archer Armor
35:06 Scale Barding Armor
36:52 Two-Man Saw
35:58 Cavalier
36:42 Husbandry
37:46 Bloodlines
39:54 Iron Casting
39:40 Chain Barding Armor
39:37 Chain Mail Armor
39:37 Leather Archer Armor
41:09 Citadels
41:19 Conscription
41:06 Kamandaran
41:42 Hoardings
40:31 Pikeman
41:12 Squires
42:24 Blast Furnace
44:47 Crop Rotation
44:51 Plate Mail Armor
44:56 Plate Barding Armor
44:52 Ring Archer Armor
44:45 Thumb Ring
47:16 Chemistry
46:37 Ballistics
46:28 Masonry
47:13 Elite War Elephant
不動游星
10:35 Feudal Age
16:48 Castle Age
14:53 Horse Collar
15:35 Double-Bit Axe
19:49 Heavy Plow
26:14 Wheelbarrow
30:04 Imperial Age
28:42 Husbandry
28:53 Bloodlines
29:03 Caravan
29:19 Gold Mining
29:19 Stone Mining
29:52 Hand Cart
31:21 Szlachta Privileges
32:48 Fortified Wall
33:05 Conscription
33:28 Crop Rotation
32:56 Cavalier
35:28 Scale Barding Armor
35:34 Forging
37:37 Iron Casting
37:25 Chain Barding Armor
40:06 Blast Furnace
39:09 Padded Archer Armor
39:00 Fletching
40:52 Lechitic Legacy
41:08 Hoardings
45:47 Bodkin Arrow
45:54 Scale Mail Armor
46:10 Leather Archer Armor
46:18 Light Cavalry
iakhan
7:37 Loom
14:18 Feudal Age
19:07 Castle Age
17:22 Double-Bit Axe
17:27 Horse Collar
27:44 Heavy Plow
32:16 Murder Holes
35:47 Imperial Age
33:45 Pikeman
36:18 Bloodlines
36:03 Cavalier
48:16 Halberdier
billyraza786
12:04 Feudal Age
12:53 Horse Collar
13:44 Double-Bit Axe
17:24 Castle Age
18:24 Heavy Plow
18:38 Bow Saw
22:23 Wheelbarrow
23:54 Gold Mining
23:54 Stone Mining
24:32 Hand Cart
30:42 Gold Shaft Mining
36:22 Imperial Age
36:55 Elite Janissary
38:43 Fletching
38:58 Artillery
41:53 Murder Holes
Omeireles
14:27 Feudal Age
14:50 Horse Collar
14:58 Double-Bit Axe
19:53 Castle Age
21:21 Bow Saw
21:14 Heavy Plow
21:13 Gold Mining
28:31 Imperial Age
30:36 Crop Rotation
31:03 Pikeman
33:26 Conscription
33:06 Double Crossbow
32:58 Halberdier
36:50 Wheelbarrow
36:01 Town Watch
37:33 Bloodlines
47:02 Ballistics
Super.Adz
16:18 Feudal Age
20:31 Wheelbarrow
19:58 Gold Mining
20:00 Double-Bit Axe
20:24 Man-at-Arms
26:06 Castle Age
28:02 Bow Saw
27:37 Pikeman
28:18 Squires
28:04 Gambesons
27:40 Long Swordsman
28:24 Husbandry
29:08 Hand Cart
32:25 #83
41:18 Imperial Age
40:00 Forging
39:50 Scale Mail Armor
41:52 Halberdier
Connection lost

Rejoining the realm…

Still unreachable

The connection could not be restored.

Session expired

The server has moved on; the page needs a fresh start.